Map: Honorgrounds LE

Players

gogo

  • Race: Zerg Zerg
  • Spawn Location: 5:00

Musumeci - Winner!

  • Race: Zerg Zerg
  • League: Diamond
  • Spawn Location: 11:00

VOD

Have the link to the VOD?

Description

Time

  • Played on: Jan. 29, 2017, 1:10 p.m.
  • Length: 15:07
Show
View Real Time Build Order
Export as new Build Order

gogo Zerg 

Build Orders: Pool First 

Get SALT Encoding   

  12  0:02  Drone  
  13  0:13  Drone  
  14  0:20  Drone, Extractor  
  15  0:32  Spawning Pool  
  14  0:39  Overlord  
  14  0:48  Drone, Extractor  
  14  0:58  Drone  
  14  0:59  Drone  
  16  1:18  Queen  
  16  1:19  Zergling x4  
  16  1:23  Zergling x2  
  21  1:37  Zergling x2  
  22  1:55  Overlord  
  22  2:00  Hatchery  
  21  2:09  Zergling x2  
  21  2:11  Overlord  
  22  2:20  Zergling x2  
  23  2:25  Baneling Nest  
  21  2:34  Metabolic Boost  
  21  2:38  Drone  
  21  2:41  Drone  
  23  2:47  Drone  
  24  2:55  Drone x2  
  26  3:12  Drone x4  
  30  3:18  Queen  
  31  3:36  Zergling x10  
  34  3:47  Zergling x4  
  34  3:48  Zergling x2  
  35  3:55  Baneling  
  35  3:56  Baneling x2  
  35  3:58  Zergling x4  
  31  4:30  Zergling x2  
  31  4:31  Zergling x14  
  32  4:32  Zergling x4  
  32  4:38  Drone x2  
  35  4:44  Drone x2  
  37  4:51  Zergling x2  
  36  5:17  Drone x3  
  36  5:18  Drone x4  
  36  5:19  Lair  
  38  5:27  Zergling x2  
  39  5:34  Baneling x4  
  37  5:42  Drone x3  
  33  5:55  Drone x4  
  37  5:58  Extractor  
  37  6:00  Extractor  
  35  6:08  Drone x2  
  35  6:09  Drone x2  
  38  6:20  Zergling x4  
  40  6:32  Spire  
  38  6:35  Zergling x6  
  38  6:36  Zergling x6  
  29  6:44  Zergling x4  
  27  6:51  Zergling x2  
  27  6:52  Zergling x4  
  30  6:59  Drone x2  
  32  7:12  Drone x2, Baneling x2  
  34  7:21  Drone x2  
  34  7:22  Drone  
  37  7:28  Drone x2  
  39  7:34  Drone  
  40  7:46  Baneling x2  
  33  7:53  Baneling  
  33  7:54  Zergling x12  
  33  8:18  Drone x6  
  33  8:19  Baneling  
  35  8:20  Queen, Baneling  
  37  8:31  Zergling x4  
  39  8:41  Drone x4  
  41  8:45  Extractor  
  41  8:48  Drone  
  43  8:50  Overlord  
  43  9:02  Baneling x3  
  43  9:23  Overlord x2  
  40  9:38  Zergling x6  
  40  9:39  Zergling x10  
  39  9:49  Drone x2  
  39  9:56  Queen  
  39  9:58  Drone x2  
  39  9:59  Overlord  
  43  10:04  Baneling  
  43  10:05  Baneling x6  
  43  10:13  Zergling x8  
  41  10:30  Zergling x6  
  41  10:31  Zergling x4  
  46  10:39  Zergling x4  
  46  10:47  Overlord  
  46  10:53  Baneling x3  
  46  10:56  Mutalisk x3  
  46  10:57  Mutalisk x2  
  46  11:01  Zerg Flyer Weapons Level 1  
  56  11:12  Mutalisk x2  
  60  11:24  Mutalisk x2  
  62  11:44  Zergling x10  
  61  11:52  Zergling x4  
  61  11:53  Zergling x4  
  49  12:06  Zergling x4  
  49  12:07  Zergling x2  
  48  12:14  Zergling x2  
  49  12:17  Baneling x2  
  49  12:19  Baneling  
  45  12:32  Drone, Baneling x3  
  41  12:57  Drone x4  
  41  12:58  Drone  
  38  13:04  Zergling x2  
  38  13:05  Zergling x4  
  38  13:17  Zergling x4  
  38  13:25  Baneling x4  
  38  13:37  Drone x3  
  41  13:48  Baneling x2  
  41  13:49  Baneling x2  
  41  13:50  Drone  
  42  13:56  Drone  
  42  13:57  Drone  
  41  14:18  Zergling x10  
  43  14:40  Baneling  
Show
View Real Time Build Order
Export as new Build Order

Musumeci Zerg - Winner!

Build Orders: Pool First, Zergling Baneling 

Get SALT Encoding   

  12  0:00  Drone  
  13  0:10  Extractor  
  13  0:11  Drone  
  13  0:17  Drone  
  15  0:32  Overlord  
  15  0:48  Spawning Pool  
  14  0:50  Drone x2  
  14  0:51  Drone  
  14  0:55  Extractor  
  16  1:18  Hatchery  
  16  1:24  Drone  
  16  1:27  Drone  
  17  1:37  Zergling x2  
  17  1:38  Zergling x2  
  19  1:50  Spine Crawler  
  18  1:57  Queen  
  20  2:06  Metabolic Boost  
  20  2:23  Drone x2  
  22  2:30  Baneling Nest  
  21  2:37  Zergling x2  
  21  2:38  Zergling x4  
  24  3:00  Zergling x8  
  28  3:19  Baneling x3  
  27  3:41  Overlord x2  
  27  3:51  Overlord x2  
  27  3:58  Baneling x7  
  27  3:59  Queen  
  27  4:00  Zergling x2  
  30  4:03  Zergling x2  
  30  4:06  Zergling x2  
  27  4:37  Zergling x2  
  27  4:38  Zergling x14  
  34  4:41  Baneling x2  
  34  4:47  Overlord  
  34  4:58  Baneling  
  34  4:59  Baneling  
  31  5:15  Zergling x12  
  36  5:21  Baneling  
  36  5:22  Baneling  
  34  5:30  Zergling x6  
  31  5:43  Zergling x6  
  34  6:00  Evolution Chamber  
  34  6:01  Baneling x7  
  34  6:04  Zergling x2  
  31  6:29  Zergling x2  
  31  6:30  Zergling x10  
  31  6:45  Zergling x8  
  32  6:58  Zergling x6  
  34  7:12  Baneling x2  
  34  7:15  Baneling x2  
  34  7:16  Zergling x4  
  36  7:26  Zerg Ground Armor Level 1  
  22  8:15  Zergling x16  
  22  8:16  Zergling x8  
  33  8:25  Drone  
  33  8:26  Drone x2  
  36  8:45  Zergling x4  
  38  8:48  Spore Crawler  
  38  8:55  Spore Crawler  
  36  9:04  Drone x2  
  37  9:20  Zerg Melee Weapons Level 1  
  37  9:21  Zergling x10  
  34  9:39  Zergling x8  
  33  10:02  Drone x7  
  35  10:34  Zergling x14  
  35  10:35  Zergling x6  
  41  10:44  Zergling x8  
  45  10:50  Drone  
  45  10:51  Drone x2  
  45  10:52  Drone  
  49  10:58  Baneling  
  49  10:59  Zergling x2  
  50  11:05  Drone  
  49  11:37  Baneling x2  
  45  11:47  Zergling x16  
  45  11:48  Zergling x2  
  48  11:56  Spore Crawler  
  48  11:57  Spore Crawler  
  48  11:59  Spore Crawler  
  45  12:01  Spore Crawler  
  42  12:14  Zergling x10  
  42  12:15  Zergling x12  
  52  12:17  Baneling x2  
  52  12:18  Baneling  
  52  12:36  Overlord x3  
  43  13:05  Zergling x22  
  45  13:16  Zergling x8  
  47  13:28  Hatchery  
  46  13:38  Spore Crawler  
  45  13:41  Zergling x6  
  45  13:42  Zergling x6  
  45  13:48  Baneling x3  
  51  13:52  Zergling x8  
  51  13:53  Overlord  
  44  14:49  Zergling x20  
  44  14:50  Zergling x10  
  45  15:07  Extractor  
Tags
 
League
Diamond
Matchup
ZvZ
Race
Zerg
Replay Pack
replay pack
Spawn Locations
Cross Positions
Add a new tag
Caveats
  • Supply blocks, unpowered buildings, or Contaminate may cause inaccurate times.
  • Supply counts are checked every 10 seconds.